 Dungeon Crawl Stone Soup version 0.28-a0-661-g144af121cd (webtiles) character file.

Game seed: 13099228403763037282

444 Lekart the Skirmisher (level 6, 0/56 HPs)
             Began as a Draconian Chaos Knight on Oct 14, 2021.
             Was a Plaything of Xom.
             Slain by a ball python (1 damage)
             ... in a sewer.
             The game lasted 00:08:04 (5626 turns).

Lekart the Skirmisher (Draconian Chaos Knight)      Turns: 5626, Time: 00:08:05

Health: 0/56       AC:  6    Str: 10      XL:     6   Next: 72%
Magic:  6/6        EV: 13    Int: 10 (12) God:    Xom [......]
Gold:   110        SH:  0    Dex: 13      Spells: 5/5 levels left

rFire   . . .      SeeInvis .   c - +1 short sword (flame)
rCold   . . .      Faith    .   (no shield)
rNeg    . . .      Spirit   .   (armour unavailable)
rPois   +          Reflect  .   (helmet restricted)
rElec   .          Harm     .   (no cloak)
rCorr   .          Rampage  .   (no gloves)
Will    .....      Rnd*Tele +   (no boots)
Stlth   +.........              (no amulet)
HPRegen 0.18/turn               (no ring)
MPRegen 0.10/turn               (no ring)

@: unable to read, very slow
A: AC +6, unfitting armour, cold-blooded, deterioration 1, poison resistance,
teleportitis 1, weak 2, inability to read while threatened, MP-powered wands
a: Renounce Religion


You were in a sewer.
You worshipped Xom.
You were a very special plaything of Xom.
You visited 1 branch of the dungeon, and saw 5 of its levels.
You also visited: Sewer.

You collected 110 gold pieces.

Inventory:

Hand Weapons
 a - a +0 falchion of chaos
 c - a +1 short sword of flaming (weapon)
Jewellery
 e - a ring of see invisible
 k - an amulet of faith
Wands
 b - a wand of flame (20)
Scrolls
 d - 3 scrolls of identify
 l - 3 scrolls of enchant armour
Potions
 f - a potion of flight


   Skills:
 + Level 5.1 Fighting
 + Level 2.4(3.9) Short Blades
 + Level 4.6(4.9) Long Blades
 + Level 3.9 Dodging
 + Level 1.3 Stealth


You had 5 spell levels left.
You didn't know any spells.
Your spell library contained the following spells:

 Spells                   Type           Power      Damage    Failure   Level
 Magic Dart               Conj           0%         1d3       36%         1
 Call Imp                 Summ           0%         N/A       50%         2
 Conjure Flame            Conj/Fire      0%         6-21      75%         3
 Ignite Poison            Fire/Tmut/Pois 0%         N/A       75%         3
 Mephitic Cloud           Conj/Pois/Air  0%         N/A       75%         3
 Sticky Flame             Conj/Fire      0%         2d3       98%         4


Dungeon Overview and Level Annotations

Branches:
Dungeon (5/15)              Sewer (1/1)
 Temple: D:4-7

Altars:
Qazlal

Annotations:
D:3 exclusion: downstairs


Innate Abilities, Weirdness & Mutations

Your plain brown scales are hard. (AC +6)
You cannot fit into any form of body armour.
You are cold-blooded and may be slowed by cold attacks.
Your body sometimes deteriorates upon taking damage.
Your system is resistant to poisons. (rPois)
You are occasionally teleported next to monsters.
You are very weak. (Str -4)
You sometimes lose the ability to read scrolls when taking damage.
You expend magic power (3 MP) to strengthen your wands.


Message History

Xom grants you a minor favour.
You feel better.
You are now a very special plaything of Xom.
The bullfrog hits you. The bullfrog closely misses you.
The ball python misses you. The ball python closely misses you.
The bullfrog misses you.
You enter the shallow water.
Moving in this stuff is going to be slow.
Xom makes a sudden noise!
You hear the tinkle of an enormous bell.
You hear an angry hiss. x5
The quokka barely misses you.
You hear an angry hiss.
The bullfrog misses you.
The bullfrog hits you but does no damage.
The quokka bites you. The bullfrog hits you.
The quokka twitches its whiskers.
The bullfrog hits you.
You feel threatened and lose the ability to read scrolls!
* * * LOW HITPOINT WARNING * * *
The bullfrog hits you.
* * * LOW HITPOINT WARNING * * *
The bullfrog hits you but does no damage.
You hit the bullfrog. You burn the bullfrog.
The bullfrog is lightly wounded.
The bullfrog barely misses you. The bullfrog misses you. The bullfrog hits you.
* * * LOW HITPOINT WARNING * * *
You cannot read scrolls in your current state!
You enter the shallow water.
Moving in this stuff is going to be slow.
The bullfrog misses you. The bullfrog hits you.
* * * LOW HITPOINT WARNING * * *
The bullfrog barely misses you. The ball python barely misses you. x2
The bullfrog hits you.
* * * LOW HITPOINT WARNING * * *
The bullfrog barely misses you.
The quokka splashes around in the water.
The bullfrog closely misses you. The ball python bites you.
You die...
Xom chuckles heartily!

## ##### #∩#
###≈≈≈### #≈≈
##≈.≈≈≈≈S## #≈.##
##≈≈†.≈≈@F≈## #..#
#≈.≈≈≈≈≈rFS≈# #.∩#
##.≈≈#####≈≈≈##
#≈.#
#≈.≈##≈≈≈##Br≈#
##†#
#≈≈##≈≈≈≈≈##J.#
#≈.
##†≈#≈≈≈≈≈≈≈#.≈###
#≈≈#
#.≈##≈≈≈≈≈≈≈##≈≈≈#
#.≈#
#≈≈#≈≈.≈≈≈≈≈≈#≈≈∩#
#≈≈#
#.≈#≈≈≈.≈≈≈≈≈#.≈≈#
#≈.#


You could see 2 bullfrogs, an endoplasm, 2 quokkas, a giant cockroach and 2 ball
pythons.

Vanquished Creatures
  A hound (D:4)
  Terence (D:2)
  An iguana (D:4)
  An orc wizard (D:4)
  6 gnolls
  6 adders
  3 worms
  A dart slug (D:4)
  12 orcs (D:4)
  12 bats
  6 endoplasms
  9 giant cockroaches
  8 hobgoblins
  10 jackals
  13 quokkas
  9 ball pythons
  9 frilled lizards
  7 goblins
  8 kobolds
  11 rats
134 creatures vanquished.

Vanquished Creatures (collateral kills)
  A gnoll shaman (D:3)
  4 gnolls (D:3)
5 creatures vanquished.

Vanquished Creatures (others)
  A giant cockroach (D:4)
1 creature vanquished.

Grand Total: 140 creatures vanquished

Notes
Turn   | Place    | Note
-------+----------+-------------------------------------------
     0 | D:1      | Lekart the Draconian Chaos Knight began the quest for the
                  | Orb.
     0 | D:1      | Reached XP level 1. HP: 19/19 MP: 1/1
    67 | D:1      | XOM: silly message
   150 | D:1      | Reached XP level 2. HP: 22/26 MP: 2/2
   506 | D:2      | XOM: silly message
   891 | D:2      | Reached XP level 3. HP: 32/33 MP: 3/3
   907 | D:2      | XOM: give mutations
   907 | D:2      | Gained mutation: Your body sometimes deteriorates upon
                  | taking damage. [Xom's mischief]
   907 | D:2      | Gained mutation: Your flesh is heat resistant. (rF+) [Xom's
                  | mischief]
   907 | D:2      | Lost mutation: Your body sometimes deteriorates upon taking
                  | damage. [Xom's mischief]
   907 | D:2      | Gained mutation: You sometimes lose the ability to read
                  | scrolls when taking damage. [Xom's mischief]
  1176 | D:2      | XOM: swap monsters
  1182 | D:2      | Reached skill level 4 in Fighting
  1448 | D:2      | XOM: summons 2 hostile shadow creatures
  1647 | D:2      | Noticed Terence
  1667 | D:2      | Killed Terence
  1668 | D:2      | Reached XP level 4. HP: 10/40 MP: 4/4
  1804 | D:2      | XOM: give mutations
  1804 | D:2      | Gained mutation: Your mind is acute. (Int +2) [Xom's
                  | mischief]
  1804 | D:2      | Lost mutation: Your mind is acute. (Int +2) [Xom's
                  | mischief]
  1804 | D:2      | Gained mutation: You are clumsy. (Dex -2) [Xom's mischief]
  1804 | D:2      | Gained mutation: You are weak. (Str -2) [Xom's mischief]
  2010 | D:2      | XOM: give mutations
  2010 | D:2      | Gained mutation: You have a pair of small horns on your
                  | head. [Xom's mischief]
  2010 | D:2      | Gained mutation: You are dopey. (Int -2) [Xom's mischief]
  2010 | D:2      | Lost mutation: Your flesh is heat resistant. (rF+) [Xom's
                  | mischief]
  2010 | D:2      | Gained mutation: You are occasionally teleported next to
                  | monsters. [Xom's mischief]
  2102 | D:3      | XOM: polymorph rat -> jackal
  2130 | D:3      | XOM: blink monster(s)
  2776 | D:1      | XOM: silly message
  2897 | D:1      | Found a faded altar of an unknown god.
  3168 | D:3      | Reached XP level 5. HP: 30/47 MP: 5/5
  3242 | D:2      | XOM: give mutations
  3242 | D:2      | Gained mutation: You are very weak. (Str -4) [Xom's
                  | mischief]
  3242 | D:2      | Gained mutation: Your body sometimes deteriorates upon
                  | taking damage. [Xom's mischief]
  3242 | D:2      | Gained mutation: You are frail. (-10% HP) [Xom's mischief]
  3242 | D:2      | Gained mutation: You expend magic power (3 MP) to
                  | strengthen your wands. [Xom's mischief]
  3277 | D:3      | XOM: enchant monster (good)
  3660 | D:3      | XOM: divination: magic mapping
  3672 | D:3      | Lost mutation: You are dopey. (Int -2) [potion of mutation]
  3672 | D:3      | Lost mutation: You are frail. (-10% HP) [potion of
                  | mutation]
  3672 | D:3      | Lost mutation: You have a pair of small horns on your head.
                  | [potion of mutation]
  3672 | D:3      | Lost mutation: You are clumsy. (Dex -2) [potion of
                  | mutation]
  3672 | D:3      | Gained mutation: Your system is resistant to poisons.
                  | (rPois) [potion of mutation]
  3694 | D:3      | Reached skill level 1 in Stealth
  3695 | D:3      | Reached skill level 1 in Short Blades
  3898 | D:3      | XOM: noise
  4016 | D:3      | Reached XP level 6. HP: 43/53 MP: 6/6
  4252 | D:4      | Found a stormy altar of Qazlal.
  4521 | D:4      | Reached skill level 5 in Fighting
  4921 | D:4      | Noticed a steam dragon
  4921 | D:4      | a hound changed into a steam dragon
  4921 | D:4      | XOM: polymorph hound -> steam dragon
  4928 | D:4      | XOM: fog
  5124 | D:3      | XOM is BORED!
  5124 | D:3      | XOM: stat loss: -2 Int (10/12)
  5246 | D:4      | XOM: silly message
  5258 | D:5      | Entered Level 5 of the Dungeon
  5268 | D:5      | Found a glowing drain.
  5286 | Sewer    | Entered a sewer
  5618 | Sewer    | XOM: potion effect (curing)
  5620 | Sewer    | XOM: noise
  5626 | Sewer    | HP: 1/56 [bullfrog (6)]
  5626 | Sewer    | Slain by a ball python

Illustrated notes

Levels and vault maps discovered:
D:1:      scummos_arrival_simple_fountains, layout_rooms,
          ebering_ecumenical_altar_sacrificial, serial_glass, glass_columns_c,
          glass_columns_c
D:2:      layout_loops_corners, uniq_terence
D:3:      layout_basic, chequers_avenue, minmay_goblin_kobold_house
D:4:      layout_basic, grunt_qazlal_clouds
D:5:      layout_basic, lemuel_crystal_altar,
          chequers_temple_overflow_statue_of_worship,
          cheibrodos_sewer_entry_drain
Sewer:    sewer_frog_island_02

Skill      XL: |  1  2  3  4  5  6 |
---------------+-------------------+-----
Fighting       | 4 5 |  5.1
Long Blades    | 4 |  4.6
Dodging        | 3 |  3.9
Stealth        | 1 |  1.3
Short Blades   | 1 2 |  2.4

Action                   |  1- 3 |  4- 6 || total
-------------------------+-------+-------++-------
Melee: Falchion          |   151 |    61 ||   212
       Tailslap          |    16 |    24 ||    40
       Short sword       |       |   277 ||   277
       Headbutt          |       |    10 ||    10
  Use: Potion            |       |     8 ||     8
       Scroll            |       |     7 ||     7
 Stab: Paralysed         |     1 |     1 ||     2
       Sleeping          |       |     2 ||     2
Armor: Skin              |    70 |   126 ||   196
Dodge: Dodged            |   126 |   333 ||   459

Table legend: (Time is in decaauts)
 A = Elapsed time spent in this place.
 B = Non-inter-level travel time spent in this place.
 C = Inter-level travel time spent in this place.
 D = Time resting spent in this place.
 E = Time spent auto-exploring this place.
 F = Levels seen in this place.
 G = Mean time per level.
                   A        B        C        D        E       F      G
               +--------+--------+--------+--------+--------+-----+--------+
         Total |   5674 |   5489 |    185 |   1228 |   3125 |   6 |  945.7 |
       Dungeon |   5312 |   5127 |    185 |   1228 |   2922 |   5 | 1062.4 |
         Sewer |    362 |    362 |      0 |      0 |    203 |   1 |  362.0 |
               +--------+--------+--------+--------+--------+-----+--------+

Top non-repeatable levels by time:
     D:2: 2165 daAuts
     D:3: 1524 daAuts
     D:1: 847 daAuts
     D:4: 746 daAuts
   Sewer: 362 daAuts
     D:5: 28 daAuts
